AoeStats
← Malelf

Arena

507253949Analyzed
1v1 RM · 15d ago on Sep 17, 2026· 69m 53s· 2 players
Game mode
Random Map
Map size
Tiny (2 player)
Population
200
Speed
Normal
Resources
Standard
Victory
Conquest
Starting age
Dark Age
Ending age
Imperial Age
RankedLock teamsTeams togetherTeam positionsShared explorationLock speedFull tech treeHidden civsTurbo modeCheats
Victory
Defeat
🇮🇹 Armenians · Italy
1683
+18
🇮🇪 Khitans · Ireland
1731
-18
Malelf
8:29 Loom
10:23 Feudal Age
9:01 Loom
14:14 Castle Age
12:23 Double-Bit Axe
15:18 Gold Mining
19:39 Sanctity
25:04 Scale Mail Armor
25:53 Ballistics
26:34 Horse Collar
27:29 Redemption
27:26 Fletching
34:18 Imperial Age
32:26 Bodkin Arrow
32:35 Padded Archer Armor
33:30 Bow Saw
35:00 Wheelbarrow
35:30 Bracer
36:04 Heavy Plow
37:29 Chemistry
37:11 Squires
38:03 Pikeman
39:35 Leather Archer Armor
40:05 Forging
41:00 Ring Archer Armor
42:36 Hand Cart
42:07 Town Watch
43:03 Conscription
44:21 Hoardings
43:56 Fereters
44:17 Chain Mail Armor
44:37 Iron Casting
43:27 Halberdier
44:37 Gambesons
44:42 Arson
44:28 Elite Skirmisher
45:58 Fereters
46:30 Hoardings
45:58 Capped Ram
48:02 Plate Mail Armor
48:32 Blast Furnace
47:33 Elite Composite Bowman
48:21 Siege Ram
51:08 Masonry
54:15 Guilds
53:54 Man-at-Arms
54:55 Long Swordsman
55:41 Two-Handed Swordsman
56:39 Champion
60:54 Scale Barding Armor
Dr Housed
10:48 Feudal Age
11:46 Double-Bit Axe
14:35 Castle Age
12:52 Domestication
14:28 Fletching
15:24 Bodkin Arrow
20:10 Wheelbarrow
23:53 Bow Saw
25:05 Ballistics
24:57 Padded Archer Armor
25:08 Loom
25:41 Thumb Ring
26:32 Gold Mining
26:50 Pastoralism
28:49 Devotion
31:29 Stone Mining
32:11 Town Watch
35:58 Imperial Age
34:31 Elite Skirmisher
35:44 Hand Cart
36:39 Leather Archer Armor
37:16 Transhumance
37:03 Bracer
38:11 Chemistry
38:58 Forging
39:19 Ring Archer Armor
38:13 Heavy Cavalry Archer
40:15 Conscription
45:46 Two-Man Saw
45:07 Scale Barding Armor
45:13 Forging
45:41 Guilds
46:13 Chain Barding Armor
45:15 Light Cavalry
45:56 Husbandry
48:24 Parthian Tactics
48:43 Hussar
50:34 Plate Barding Armor
50:35 Iron Casting
50:42 Scale Mail Armor
53:16 Chain Mail Armor
54:23 Treadmill Crane
54:53 Masonry
54:49 Siege Engineers
55:40 Plate Mail Armor
56:21 Murder Holes
59:10 Ordo Cavalry
61:27 Fortified Wall
Connection lost

Rejoining the realm…

Still unreachable

The connection could not be restored.

Session expired

The server has moved on; the page needs a fresh start.